AoeStats
← [GG] Shevchenko 7

Golden Pit

508459091Analyzed
1v1 RM · 10d ago on Sep 22, 2026· 34m 8s· 2 players
Game mode
Random Map
Map size
Tiny (2 player)
Population
200
Speed
Normal
Resources
Standard
Victory
Conquest
Starting age
Dark Age
Ending age
Imperial Age
RankedLock teamsTeams togetherTeam positionsShared explorationLock speedFull tech treeHidden civsTurbo modeCheats
Victory
Defeat
🇨🇳 Ethiopians · China
1147
+18
🇧🇷 Portuguese · Brazil
1183
-18
水果湖一杯倒
7:34 Loom
10:02 Feudal Age
10:51 Double-Bit Axe
12:16 Fletching
16:12 Town Watch
17:11 Padded Archer Armor
16:57 Horse Collar
23:25 Castle Age
21:29 Stone Mining
23:41 Crossbowman
24:27 Thumb Ring
25:32 Bodkin Arrow
27:42 Masonry
27:51 Bow Saw
29:55 Ballistics
29:55 Gold Mining
31:50 Wheelbarrow
[GG] Shevchenko 7
8:39 Loom
10:46 Feudal Age
14:52 Castle Age
29:22 Sanctity
33:12 Wheelbarrow
Connection lost

Rejoining the realm…

Still unreachable

The connection could not be restored.

Session expired

The server has moved on; the page needs a fresh start.